Megumin, chaotic female elven Wizard ---- ---- ----- ---- ---- |..| --- |..---...--- |..-- -----..------..| ---.| --..........-- ----- ----|...| |..............| |...| ----............| ---.|.--- |..--..-- --........---.-- |...| |...............| |.......---......| ---.--.|.--|.| ---.| |......)..)))...-----................-- ------...|.| |.| --.......--^......|...................-- |......| |.| --......|----.............-...-..--...| ---- --......| |.| ---.--..-- |.^..................||..-- ---..| ----- |......)| |.| |...|---- |..................------- |....| |.*.-- --....-^| |.| ---.---|<.------(........^......%.----------....|--....|-----....| |.| |...| |........................................||.....--.---....| ---.-----..------.-------...............-----..------..----............%.| |.................| --..|....--......---.--|...| |...----..............| ---- |..----.....---...| |.......--|.....-- |...|...| |....@'.........^.---.| |..| -----........|--.-- |-......| --..--- |-.....-- |....--------->...| |.---.-- --.........| --- |......-- ---- |......| |....| |..--- |......| |.......---- --.---.| --..--.| --.--- ---- |.....-- --.---.-- --- --- ------- --- --.---- --- --- --- Megumin the Thaumaturge Experience level: 8 Strength: 10 Dexterity: 11 Constitution: 16 Intelligence: 18 Wisdom: 10 Charisma: 10 Health: 0(55) Energy: 87(101) AC: 6 Gold: 474 Moves: 4532 Your Inventory: Coins $ - 474 gold pieces Weapons v - 3 [uncursed] corroded +0 daggers E - 9 [uncursed] +0 daggers (in quiver) F - the [uncursed] +0 Sting (weapon in hand) Armor b - an uncursed +0 cloak of magic resistance (being worn) D - an [uncursed] +0 studded leather armor (being worn) K - an uncursed +0 pair of leather gloves L - an uncursed +0 pair of high boots M - a blessed +1 pair of low boots Comestibles p - an [uncursed] candy bar s - 3 [uncursed] fortune cookies t - an [uncursed] tripe ration V - 3 [uncursed] food rations Scrolls i - an uncursed scroll of magic mapping j - 2 uncursed scrolls of remove curse w - an uncursed scroll of confuse monster y - an [uncursed] scroll of identify H - 2 uncursed unlabeled scrolls [of blank paper] J - 2 cursed scrolls of teleportation R - an uncursed scroll of enchant armor U - an uncursed scroll of destroy armor Spellbooks k - a blessed spellbook of force bolt l - an uncursed spellbook of clairvoyance T - a blessed spellbook of drain life Potions f - an uncursed potion of restore ability g - an uncursed potion of object detection h - an uncursed potion of sickness u - an [uncursed] clear potion [of water] x - an uncursed yellow potion [of confusion] O - a cursed silver potion [of extra healing] Z - a cursed ruby potion [of booze] Rings d - an uncursed ring of searching (on right hand) e - an uncursed ring of teleport control (on left hand) Wands c - an uncursed wand of magic missile (0:4) r - an [uncursed] crystal wand [of cancellation (0:2)] Tools a - an [uncursed oil] lamp (lit) m - an uncursed blindfold n - an uncursed bell P - a cursed oilskin sack Q - a [cursed oil] lamp W - an [uncursed] key [skeleton key] X - an [uncursed] figurine of a white unicorn Y - an [uncursed] stethoscope Spells known in the end: Name Level Category Fail Memory a - force bolt 1 attack 0% [|||||||.] b - clairvoyance 3 divination 77% [|||||||.] c - drain life 2 attack 0% [||||||||] Your skills at the end: Fighting Skills Weapon Skills dagger [Skilled / Expert] quarterstaff [Basic / Expert] Spellcasting Skills attack spells [Basic / Expert] enchantment spells [Basic / Skilled] Final Attributes: You were piously aligned. Hunger level was 707. Your alignment was 31 / 32. Monster difficulty range was 1 - 7. Level difficulty was 7. You were immune to sleep. You were magic-protected. You saw invisible. You were telepathic. You were aware of the presence of orcs. You had automatic searching. You had infravision. You had teleport control. You were held by a rope golem. Your luck was zero. You are dead. Vanquished creatures: a small mimic a tengu a spotted jelly a giant spider a vampire bat a dingo a jaguar a snake an ape a rock mole 7 gnome lords 3 gnomish wizards a guardian naga hatchling a paper golem a floating eye 10 dwarves 2 kobold lords a kobold shaman a centipede an iguana 2 killer bees 3 gas spores 3 hobbits a giant rat a cave spider 44 gnomes a gnome zombie a gecko a kobold 5 goblins a sewer rat 2 grid bugs 3 lichens 2 kobold zombies 8 newts 116 creatures vanquished. Voluntary challenges: You used a wielded weapon 45 times. You read items or engraved 9 times. You put on armor 3 times. You never genocided any monsters. You never polymorphed an object. You never changed form. You used no wishes. You wrote Elbereth's name 1 time. You encountered 1 bones level. You never used any Sokoban shortcuts. Dungeon overview: The Dungeons of Doom: levels 1 to 3 Level 1 some fountains a long staircase Level 2 an altar to Anhur, some fountains stairs to The Gnomish Mines Level 3 a fountain The Gnomish Mines: levels 3 to 8 Level 3 stairs to The Dungeons of Doom Level 6 many shops, a temple, a magic chest, some fountains Level 7 <- You were here History has recorded: On T:1 you entered the Dungeons of Doom to retrieve the Amulet of Yendor! On T:453 you reached level 2 of The Dungeons of Doom. On T:497 you reached level 3 of The Dungeons of Doom. On T:508 you advanced to experience level 2. On T:686 you advanced to experience level 3. On T:801 you reached level 1 of The Gnomish Mines. On T:873 you advanced to experience level 4. On T:904 you advanced to experience level 5. On T:1015 you reached level 2 of The Gnomish Mines. On T:1311 you advanced to experience level 6. On T:1621 you reached level 3 of The Gnomish Mines. On T:1808 you advanced to experience level 7. On T:2505 you reached level 4 of The Gnomish Mines. On T:3405 you reached level 5 of The Gnomish Mines. On T:3428 you advanced to experience level 8. On T:4114 you reached level 6 of The Gnomish Mines. Latest messages: You throw 2 daggers. The 1st dagger hits the rope golem. The 2nd dagger hits the rope golem. [HP+1=31] You throw 2 daggers. The 1st dagger hits the rope golem. The 2nd dagger hits the rope golem. The rope golem hits! The rope golem misses. You are being choked. [HP-8=23] You throw 2 daggers. The 1st dagger hits the rope golem. The 2nd dagger hits the rope golem. The rope golem hits! (2x) You are being choked. The rope golem hits! (2x) You are being choked. You die... The oilskin sack is empty. Final status: Goodbye Megumin the Wizard... You died in The Gnomish Mines on dungeon level 7 with 5173 points, and 474 pieces of gold, after 4532 moves. You were level 8 with a maximum of 55 hit points when you died.